 Dungeon Crawl Stone Soup version 0.18-a0-1468-gaf180a1 (console) character file.

3685 utis the Fighter (level 10, -11/114 HPs)
             Began as an Ogre Berserker on Mar 1, 2016.
             Was a Priest of Trog.
             Mangled by a centaur warrior (12 damage)
             ... on level 8 of the Dungeon.
             The game lasted 00:24:50 (10354 turns).

utis the Fighter (Ogre Berserker)                  Turns: 10354, Time: 00:24:50

Health: -11/114    AC:  3    Str: 24    XL:     10   Next: 13%
Magic:  13/13      EV: 12    Int:  6    God:    Trog [***...]
Gold:   376        SH:  0    Dex: 12    Spells: 0 memorised, 9 levels left

rFire  + . .     SeeInvis .     a - +2 whip (elec)
rCold  . . .     Gourm    .     b - +0 animal skin
rNeg   . . .     Faith    .     (no shield)
rPois  .         Spirit   .     (helmet restricted)
rElec  .         Dismiss  .     (no cloak)
rCorr  .         Reflect  .     (gloves unavailable)
SustAt .         Harm     .     (boots unavailable)
MR     +....                    (no amulet)
Stlth  +.........               F - ring of fire
                                C - ring of protection from cold

@: very slightly contaminated, invisible, somewhat resistant to hostile
enchantments, very unstealthy
A: unfitting armour, blurry vision 1, tough skin 1
a: Berserk, Trog's Hand, Burn Spellbooks, Renounce Religion


You were on level 8 of the Dungeon.
You worshipped Trog.
Trog was most pleased with you.
You were not hungry.

You visited 1 branch of the dungeon, and saw 8 of its levels.

You collected 376 gold pieces.

Inventory:

Hand Weapons
 a - a +2 whip of electrocution (weapon)
 v - a +0 mace
 w - a +0 giant club
 y - a +0 flail
Missiles
 e - 27 poisoned needles
 k - 315 stones (quivered)
 t - 49 sling bullets
 A - 4 javelins of penetration {=f}
 B - a throwing net {=f}
Armour
 b - a +0 animal skin (worn)
 D - the +2 shield of Resistance {rF+ rC+ MR+}
   (You found it on level 6 of the Dungeon)

   It protects you from fire.
   It protects you from cold.
   It affects your resistance to hostile enchantments.
Jewellery
 u - an uncursed ring of sustain attributes {=f}
 C - a ring of protection from cold (left hand)
 F - a ring of fire (right hand)
Wands
 r - a wand of iceblast (9/15)
 x - a wand of flame (28/48)
 P - a wand of polymorph (9/24)
Scrolls
 i - 6 scrolls of teleportation {@r4}
 j - a scroll of immolation {unknown}
 l - 4 scrolls of remove curse {@r2}
 n - a scroll of blinking {unknown}
 s - a scroll of fear {unknown}
 I - 3 scrolls of identify {@r1}
 J - 2 scrolls of magic mapping {unknown}
 L - a scroll of fog {unknown}
 Q - a scroll of enchant armour {unknown}
Potions
 h - a potion of lignification
 q - a potion of cancellation
 G - a potion of mutation {!q}
 N - a potion of haste {unknown}
 R - a potion of degeneration {unknown}
Books
 o - Jessica's Guide on Evil
   (You found it on level 2 of the Dungeon)

   Spells                             Type                      Level
   a - Animate Skeleton               Necromancy                   1
   b - Pain                           Necromancy                   1
   Trog disapproves of the use of such an item.
Comestibles
 c - 4 bread rations {@e1}
 d - 4 meat rations {@e1}
 f - 2 beef jerkies {@e2}
 M - 2 fruits {@e2}


   Skills:
 * Level 11.6 Fighting
 - Level 9.5 Maces & Flails
 + Level 3.9 Throwing
 * Level 6.5 Dodging
 + Level 4.1 Evocations


You had 9 spell levels left.
You didn't know any spells.

Dungeon Overview and Level Annotations

Branches:
Dungeon (8/15)             Temple (0/1) D:5            Lair (0/8) D:8

Altars:
Cheibriados
Elyvilon
Fedhas
Gozag
Kikubaaqudgha
Okawaru
Pakellas
Qazlal
Ru
Sif Muna
Trog
Yredelemnul

Shops:
D:5 :

Annotations:
D:4 exclusion: orc wizard


Innate Abilities, Weirdness & Mutations

You are too large for most types of armour.
You have tough skin (AC +1).
Scrolls take you a little longer to read.


Message History

* * * LOW HITPOINT WARNING * * *
The centaur warrior shoots an arrow of frost.
The arrow of frost completely misses you.
Drink which item? (? for menu, Esc to quit)
Okay, then.
The centaur warrior drinks a potion.
The centaur warrior suddenly seems more resistant.
Drink which item? (? for menu, Esc to quit)
You fade into invisibility!
The centaur warrior unwields an uncursed shortbow.
The centaur warrior hits you!
* * * LOW HITPOINT WARNING * * *
The centaur warrior barely misses you.
You are very lightly contaminated with residual magic.
Unknown command.
Drink which item? (? for menu, Esc to quit)
It was a potion of mutation.
You feel extremely strange.
You feel clumsy.
You feel agile.
Your vision blurs.
The centaur warrior hits you!
You die...

.....€░....░..░░░.░░.....
░.8..€░.▩..░...░░.░░.....
░➘░░.░░....░...░░.░░.....
░..░░ ░⌠.⌠.░....░.░░.....
░...░░░'░░░░..░.░.░░.....
░....c....➘..............
░......░➘░░░..░.░.░░░....
░......░➘░➘............░.
░.░░░..cO....➘░░..░░░░.░.
░░░.░░░....░.░░.░░..░
░.░.
......░.............░
░.░. ░░.░....§§.........░
░.░░ ░...≈§§§§........
░.░ ░.÷≈.≈§§§........░
░.░░ ░<.≈≈.≈§§§........
.... ░..≈≈.>➘§§..░░░░.░
░.░░ ░...≈≈..≈≈..░ ░.░░


You could see a centaur warrior.

Vanquished Creatures
  A skeletal warrior (D:8)
  Pikel (D:5)
  Sigmund (D:4)
  A hippogriff (D:7)
  A hungry ghost (D:8)
  2 hell hounds (D:8)
  2 slaves (D:5)
  A necrophage (D:6)
  2 centaurs
  2 ogres (D:4)
  Blork the orc (D:4)
  A gnoll sergeant (D:8)
  A water moccasin zombie (D:8)
  A killer bee (D:8)
  3 wights (D:7)
  A crimson imp (D:6)
  3 hounds
  2 jellies
  3 gnoll shamans (D:4)
  An orc priest (D:6)
  2 centaur skeletons (D:4)
  An orc wizard (D:6)
  Jessica (D:2)
  2 worker ants (D:4)
  An iguana (D:4)
  A hound zombie (D:7)
  A hound skeleton (D:6)
  A howler monkey zombie (D:7)
  A worker ant zombie (D:6)
  47 gnolls
  5 adders
  A shadow imp (D:8)
  An ooze (D:5)
  An adder skeleton (D:3)
  A worm (D:4)
  A dart slug (D:1)
  7 giant geckos
  8 orcs
  6 giant cockroaches
  3 goblins
  8 hobgoblins
  22 jackals
  5 quokkas
  3 ball pythons
  12 bats
  2 giant gecko zombies
  5 giant newts
  A jackal skeleton (D:7)
  6 kobolds
  6 rats
193 creatures vanquished.

Vanquished Creatures (collateral kills)
  A phantom (D:8)
  4 killer bees (D:8)
  An orc (D:8)
6 creatures vanquished.

Vanquished Creatures (others)
  A jelly (D:5)
  2 plants (D:4)
3 creatures vanquished.

Grand Total: 202 creatures vanquished

Notes
Turn   | Place    | Note
--------------------------------------------------------------
     0 | D:1      | utis the Ogre Berserker began the quest for the Orb.
     0 | D:1      | Reached XP level 1. HP: 24/24 MP: 1/1
   702 | D:1      | Reached XP level 2. HP: 33/33 MP: 2/2
  1245 | D:2      | Reached ** piety under Trog
  1416 | D:2      | Reached skill level 5 in Fighting
  1416 | D:2      | Reached XP level 3. HP: 39/42 MP: 3/3
  1712 | D:2      | Noticed Jessica
  1728 | D:2      | Killed Jessica
  1728 | D:2      | Reached skill level 5 in Maces & Flails
  1728 | D:2      | Reached XP level 4. HP: 46/50 MP: 4/4
  1748 | D:2      | Identified Jessica's Guide on Evil
  2421 | D:3      | Found a bloodstained altar of Trog.
  2854 | D:3      | Reached skill level 6 in Fighting
  2941 | D:3      | Reached XP level 5. HP: 59/59 MP: 5/5
  3006 | D:4      | Found an opulent altar of Gozag.
  3082 | D:4      | Noticed Sigmund
  3244 | D:4      | Reached *** piety under Trog
  3281 | D:4      | Noticed Blork the orc
  3306 | D:4      | Killed Blork the orc
  3400 | D:4      | Killed Sigmund
  3400 | D:4      | Reached skill level 7 in Fighting
  3400 | D:4      | Reached skill level 1 in Evocations
  3400 | D:4      | Reached XP level 6. HP: 71/71 MP: 5/7
  3715 | D:4      | Reached XP level 7. HP: 78/78 MP: 8/8
  4459 | D:4      | Reached skill level 8 in Fighting
  4561 | D:4      | Found an oddly glowing altar of Pakellas.
  4642 | D:4      | Found a deep blue altar of Sif Muna.
  4764 | D:4      | Reached **** piety under Trog
  5231 | D:4      | Reached XP level 8. HP: 72/89 MP: 9/9
  6077 | D:4      | Reached skill level 9 in Fighting
  6303 | D:4      | Received a gift from Trog
  6871 | D:5      | Entered Level 5 of the Dungeon
  6871 | D:5      | Found a blossoming altar of Fedhas.
  6888 | D:5      | Found a staircase to the Ecumenical Temple.
  6990 | D:5      | Noticed Pikel
  7001 | D:5      | Killed Pikel
  7001 | D:5      | Reached skill level 1 in Throwing
  7001 | D:5      | Reached XP level 9. HP: 101/101 MP: 9/11
  7362 | D:5      | Found a basalt altar of Yredelemnul.
  7368 | D:5      | Found a stormy altar of Qazlal.
  7381 | D:5      | Found Loifoph's Book Shop.
  7713 | D:6      | Found a snail-covered altar of Cheibriados.
  7737 | D:6      | Reached skill level 10 in Fighting
  7961 | D:6      | Found an ancient bone altar of Kikubaaqudgha.
  7963 | D:6      | Found a sacrificial altar of Ru.
  8102 | D:7      | Reached skill level 5 in Dodging
  9069 | D:8      | HP: 5/102 [poisoned by a killer bee]
  9467 | D:8      | Found a staircase to the Lair.
  9879 | D:7      | Reached skill level 11 in Fighting
 10163 | D:8      | Found a white marble altar of Elyvilon.
 10163 | D:8      | Noticed a centaur warrior
 10164 | D:8      | wtf?
 10171 | D:8      | Found an iron altar of Okawaru.
 10172 | D:8      | Noticed a skeletal warrior
 10271 | D:8      | HP: 4/157 [skeletal warrior/glaive (26)]
 10290 | D:8      | Killed a skeletal warrior
 10290 | D:8      | Reached XP level 10. HP: 28/114 MP: 11/13
 10291 | D:8      | my
 10353 | D:8      | HP: 1/114 [centaur warrior (8)]
 10354 | D:8      | Gained mutation: You are clumsy. (Dex -2) [potion of mutation]
 10354 | D:8      | Lost mutation: You are clumsy. (Dex -2) [potion of mutation]
 10354 | D:8      | Gained mutation: Scrolls take you a little longer to read. [potion of mutation]
 10354 | D:8      | Mangled by a centaur warrior

Vault maps used:
D:1:      shiori_shiawase, serial_co_window_serial, co_window_corner_a,
          co_window_cross_1, co_window_of_opportunity_a, co_window_paths_b,
          co_window_paths_a, co_window_unsneaky_path_e, co_window_broadway_a,
          co_window_unsneaky_path_d, co_window_paths_d, glass_columns_b,
          hex_tiny
D:2:      kennysheep_jessica_study
D:3:      bloody_trog, first_bread
D:4:      lemuel_castle_with_subvaults, lemuel_blue_sif_altar,
          old_standard_altar, general_overflow_altar, serial_bayou,
          serial_bayou_ford_a, serial_bayou_pond_c, serial_bayou_lake_a,
          serial_bayou_pond_d, uniq_sigmund, uniq_blork_the_orc
D:5:      overflow_temple_1_default, minmay_temple_entry_statues_fountains,
          serial_shops, nicolae_shop_crystal, basic_altar, grunt_decor_fettered,
          nicolae_qazlal_general_emergency, uniq_pikel
D:6:      grunt_temple_overflow_open
D:8:      boulder_indie, minmay_lair_entry_lava, hangedman_ranch,
          kennysheep_flooded_box, jmf_multi_god_temple

Skill      XL: |  1  2  3  4  5  6  7  8  9 |
---------------+----------------------------+-----
Fighting       | 5 6 7 8 9 11 | 11.6
Maces & Flails | 5 6 7 8 9 |  9.5
Evocations     | 1 2 3 4 |  4.1
Dodging        | 3 4 6 |  6.5
Throwing       | 1 3 |  3.9

Action                   |  1- 3 |  4- 6 |  7- 9 | 10-12 || total
-------------------------+-------+-------+-------+-------++-------
Melee: Mace              |   105 |   166 |    21 |       ||   292
       Flail             |       |       |    79 |       ||    79
       Giant club        |       |       |   115 |       ||   115
       Whip              |       |       |   171 |       ||   171
Throw: Stone             |    12 |    27 |    55 |       ||    94
Invok: Berserk           |       |     3 |    10 |       ||    13
       Brothers in Arms  |       |       |     3 |       ||     3
       Trog's Hand       |       |       |     2 |       ||     2
  Use: Scroll            |     2 |     3 |     7 |       ||    12
       Potion            |       |       |     8 |     2 ||    10
 Stab: Sleeping          |     1 |       |       |       ||     1
  Eat: Chunk             |     3 |     8 |    26 |       ||    37
       Bread ration      |       |       |     2 |       ||     2
       Beef jerky        |       |       |     2 |       ||     2
